 Dungeon Crawl Stone Soup version 0.19.1 (webtiles) character file.

108 Anatei the Skirmisher (level 4, -9/38 HPs)
             Began as a Centaur Fighter on Dec 21, 2016.
             Mangled by Sigmund
             ... wielding a +0 scythe
              (12 damage)
             ... on level 2 of the Dungeon.
             The game lasted 00:06:57 (1881 turns).

Anatei the Skirmisher (Centaur Fighter)             Turns: 1881, Time: 00:06:57

Health: -9/38      AC:  6    Str: 19    XL:     4   Next: 58%
Magic:  8/13       EV:  5    Int:  7    God:
Gold:   8          SH:  0    Dex:  9    Spells: 0 memorised, 3 levels left

rFire  + . .     SeeInvis .     a - +0 war axe
rCold  . . .     Gourm    .     b - +0 scale mail
rNeg   . . .     Faith    .     c - +0 shield
rPois  .         Spirit   .     (no helmet)
rElec  .         Reflect  .     (no cloak)
rCorr  .         Harm     .     (no gloves)
MR     .....                    (no barding)
Stlth  ..........               (no amulet)
                                n - ring of magical power
                                g - ring of protection from fire

@: confused, very quick
A: hooves 3, deformed body, speed 2, tough skin 3
a: no special abilities


You were on level 2 of the Dungeon.
You were not hungry.

You visited 1 branch of the dungeon, and saw 2 of its levels.

You collected 8 gold pieces.

Inventory:

Hand Weapons
 a - a +0 war axe (weapon)
Armour
 b - a +0 scale mail (worn)
 c - a +0 shield (worn)
Jewellery
 g - a ring of protection from fire (left hand)
 n - a ring of magical power (right hand)
Wands
 l - a wand of slowing (17/48)
Scrolls
 e - 2 scrolls of remove curse {unknown}
 i - 2 scrolls of fog {unknown}
 j - a scroll of identify {unknown}
 k - 3 scrolls of blinking {unknown}
Potions
 d - a potion of might
 h - a potion of ambrosia
 m - a potion of heal wounds {unknown}
Comestibles
 f - a bread ration


   Skills:
 + Level 3.5 Fighting
 + Level 2.6 Axes
 + Level 3.0 Armour
 + Level 0.2 Dodging
 + Level 2.5 Shields


You had 3 spell levels left.
You didn't know any spells.

Dungeon Overview and Level Annotations

Branches:
Dungeon (2/15)

Altars:

Annotations:
D:2 Sigmund


Innate Abilities, Weirdness & Mutations

You have hooves in place of feet.
Armour fits poorly on your strangely shaped body.
You cover ground very quickly.
You have extremely tough skin. (AC +3)


Message History

Your shield and scale mail prevent you from hitting Sigmund.
Sigmund is severely wounded.
Sigmund hits you with a scythe.
You hit Sigmund. Your kick misses Sigmund.
Sigmund is severely wounded.
Sigmund hits you with a scythe.
* * * LOW HITPOINT WARNING * * *
Your shield and scale mail prevent you from hitting Sigmund.
You kick Sigmund, but do no damage.
Sigmund is severely wounded.
Sigmund mumbles some strange words.
Sigmund flickers and vanishes!
Deactivating autopickup; reactivate with Ctrl-A.
You closely miss something.
You hear some strange, mumbled words.
You are confused.
You miss something. You kick something. Something hits you!
* * * LOW HITPOINT WARNING * * *
You bump into the rock wall.
Something hits you!
You die...

.# .# .# .# #########
###.### .# #........
....... .###.#.#.#####
..<.... .##...........
....... .##..#.#.####
.......
.##......#########.......
..........).....@{.......
.......###########.......
######## #######


There were no monsters in sight!

Vanquished Creatures
  Jessica (D:2)
  3 gnolls (D:2)
  An ooze (D:2)
  A worm (D:2)
  4 dart slugs
  A leopard gecko (D:2)
  A ball python (D:2)
  2 goblins (D:1)
  5 hobgoblins (D:1)
  3 jackals (D:1)
  5 kobolds (D:1)
  A quokka (D:2)
  4 bats
  3 frilled lizards (D:1)
  5 rats
40 creatures vanquished.

Notes
Turn   | Place    | Note
-------+----------+-------------------------------------------
     0 | D:1      | Anatei the Centaur Fighter began the quest for the Orb.
     0 | D:1      | Reached XP level 1. HP: 19/19 MP: 1/1
   119 | D:1      | Noticed a minotaur zombie
   414 | D:1      | Reached XP level 2. HP: 26/26 MP: 2/2
   715 | D:1      | Reached XP level 3. HP: 24/31 MP: 3/3
  1157 | D:2      | Noticed Jessica
  1168 | D:2      | Reached XP level 4. HP: 10/38 MP: 4/4
  1433 | D:2      | HP: 1/38 [gnoll/spear (4)]
  1651 | D:2      | Killed Jessica
  1857 | D:2      | Noticed Sigmund
  1881 | D:2      | Mangled by Sigmund

Skill      XL: |  1  2  3  4 |
---------------+-------------+-----
Axes           | 2 |  2.6
Armour         | 3 |  3.0
Fighting       | |  3.5
Dodging        | |  0.2
Shields        | |  2.5

Action                   |  1- 3 |  4- 6 || total
-------------------------+-------+-------++-------
Melee: War axe           |    86 |    38 ||   124
       Kick              |    16 |     7 ||    23
  Use: Potion            |       |     1 ||     1
  Eat: Bread ration      |       |     1 ||     1
Armor: Scale mail        |    35 |    10 ||    45
Dodge: Dodged            |    17 |    11 ||    28
Block: Shield            |    43 |    18 ||    61
